 Dungeon Crawl Stone Soup version 0.27.1-3-gb3d3a73c9e (webtiles) character file.

Game seed: 5853999155200112937

1 styxcanada the Sneak (level 1, -1/10 HPs)
             Began as a Spriggan Brigand on Oct 17, 2021.
             Frozen to death by an endoplasm (4 damage)
             ... on level 1 of the Dungeon.
             The game lasted 00:00:44 (50 turns).

styxcanada the Sneak (Spriggan Brigand)               Turns: 50, Time: 00:00:45

Health: -1/10      AC:  3    Str:  7    XL:     1   Next: 16%
Magic:  2/2        EV: 16    Int: 12    God:
Gold:   11         SH:  0    Dex: 16    Spells: 0/0 levels left

rFire    . . .     SeeInvis +   a - +2 dagger
rCold    . . .     Faith    .   (shield restricted)
rNeg     . . .     Spirit   .   b - +0 robe
rPois    .         Reflect  .   (helmet restricted)
rElec    .         Harm     .   c - +0 cloak
rCorr    .         Rampage  .   (gloves unavailable)
Will     .....                  (boots unavailable)
Stlth    +++.......             (no amulet)
HPRegen  0.03/turn              (no ring)
MPRegen  0.08/turn              (no ring)

@: very quick
A: very small, no large weapons, unfitting armour, see invisible, speed 3
a: no special abilities


You were on level 1 of the Dungeon.
You visited 1 branch of the dungeon, and saw 1 of its levels.

You collected 11 gold pieces.

Inventory:

Hand Weapons
 a - a +2 dagger (weapon)
Missiles
 d - 7 poisoned darts (quivered)
 e - 2 curare-tipped darts
Armour
 b - a +0 robe (worn)
 c - a +0 cloak (worn)


   Skills:
 * Level 1.5 Fighting
 + Level 2.1 Short Blades
 + Level 2.0 Throwing
 * Level 1.3 Dodging
 * Level 6.0 Stealth


You couldn't memorise any spells.
You didn't know any spells.
Your spell library was empty.

Dungeon Overview and Level Annotations

Branches:
Dungeon (1/15)

Altars:


Innate Abilities, Weirdness & Mutations

You are very small and have problems with some larger weapons.
You are too small for most types of armour.
You have supernaturally acute eyesight. (SInv)
You cover ground extremely quickly. (Speed+++)


Message History

You are frozen.
Ouch! That really hurt!
* * * LOW HITPOINT WARNING * * *
You hit the endoplasm.
You kill the endoplasm!
Your Stealth skill increases to level 6!
The hobgoblin shouts!
You hit the hobgoblin but do no damage. The hobgoblin hits you.
* * * LOW HITPOINT WARNING * * *
A bat comes into view.
Throw: 8 darts (poison)
Press: ? - help, Q - select action, (/) - cycle Shift-Dir - straight line, f - bat
Aim: a bat (46% to hit)
You throw a poisoned dart.
The poisoned dart closely misses the bat.
The bat misses you.
A rat comes into view.
The bat misses you.
You hit the bat but do no damage. The bat closely misses you.
The bat misses you.
Found an escape hatch in the floor.
You closely miss the bat. The bat closely misses you.
You hit the bat.
The bat is severely wounded.
The bat hits you but does no damage. The bat misses you.
A ball python comes into view.
The bat barely misses you. The bat closely misses you.
The bat completely misses you.
A rat comes into view.
Found 5 large rocks.
An endoplasm comes into view.
The bat closely misses you. The bat closely misses you.
You hit the endoplasm.
The endoplasm is moderately wounded.
The bat closely misses you. The bat misses you. The endoplasm freezes you.
You are frozen.
You die...

####### .......
........# ........#
.......# .#.
(......###### .#.#.
#....g.b@J# ....##
#....r###.# .....
+.....# .#
#...#####.....###.#
#...............#.#
(.......#.#>#.#.#.#
........#.###.#.#.#
...........#r.. #.#
..........###...


You could see an endoplasm, a hobgoblin, a bat and a rat.

Vanquished Creatures
  An endoplasm (D:1)
1 creature vanquished.

Notes
Turn   | Place    | Note
-------+----------+-------------------------------------------
     0 | D:1      | styxcanada the Spriggan Brigand began the quest for the
                  | Orb.
     0 | D:1      | Reached XP level 1. HP: 10/10 MP: 2/2
    19 | D:1      | Reached skill level 6 in Stealth
    50 | D:1      | Frozen to death by an endoplasm

Illustrated notes

Levels and vault maps discovered:
D:1:      onia_arrival_handbag, layout_basic, serial_shops,
          nicolae_shop_behind_doors, minmay_tetromino_s4

Skill      XL: |  1 |
---------------+----+-----
Stealth        | 6 |  6.0
Fighting       | |  1.5
Short Blades   | |  2.1
Throwing       | |  2.0
Dodging        | |  1.3

Action                   || total
-------------------------++-------
Melee: Dagger            ||    11
Throw: Dart              ||     1
Armor: Robe              ||     1
Dodge: Dodged            ||    15
